[Event "25th European Club Cup Women 2021"]
[Site "Struga"]
[Date "2021.09.24"]
[Round "7.12"]
[White "Skripchenko, Almira"]
[Black "Stojkovska, Monika"]
[Result "1-0"]
[ECO "C13"]
[WhiteElo "2396"]
[BlackElo "2081"]
[Annotator "NA"]
[PlyCount "67"]
[EventDate "2021.09.18"]
[EventType "team-tourn"]
[EventCountry "MKD"]
[SourceTitle "playchess.com"]
[Source "ChessBase"]
[SourceQuality "1"]
[TimeControl "40/5400+30:1800+30"]

1. e4 e6 2. d4 d5 3. Nc3 dxe4 4. Nxe4 Nd7 5. Nf3 Ngf6 6. Nxf6+ Nxf6 7. Bg5 c5 8. Bxf6 gxf6 9. Bb5+ Bd7 10. Bxd7+ Qxd7 11. c3 cxd4 12. Nxd4 Bc5 13. Nb3 Qxd1+ 14. Rxd1 Bb6 15. Ke2 Rg8 16. g3 Ke7 17. a4 a6 18. Rd3 Rad8 19. Rhd1 Rxd3 20. Rxd3 Rg5 21. Nd2 Re5+ 22. Kf1 Rf5 23. Ne4 Ba7 24. Nd6 Rd5 25. Rxd5 exd5 26. Nc8+ Kd7 27. Nxa7 Kc7 28. Ke2 Kb8 29. Kd3 Kxa7 30. Kd4 Kb6 31. Kxd5 Kc7 32. a5 Kd7 33. Kc5 Kc7 34. g4 1-0

[Event "25th European Club Cup Women 2021"]
[Site "Struga"]
[Date "2021.09.24"]
[Round "7.13"]
[White "Muzychuk, Anna"]
[Black "Saduakassova, Dinara"]
[Result "1/2-1/2"]
[ECO "C81"]
[WhiteElo "2534"]
[BlackElo "2489"]
[Annotator "ChessBase"]
[PlyCount "85"]
[EventDate "2021.09.18"]
[EventType "team-tourn"]
[EventCountry "MKD"]
[SourceTitle "playchess.com"]
[Source "ChessBase"]
[SourceQuality "1"]
[TimeControl "40/5400+30:1800+30"]

1. e4 e5 2. Nf3 Nc6 3. Bb5 a6 4. Ba4 Nf6 5. O-O Nxe4 6. d4 b5 7. Bb3 d5 8. dxe5 Be6 9. Qe2 Be7 10. Rd1 O-O 11. c4 bxc4 12. Bxc4 Bc5 13. Be3 Bxe3 14. Qxe3 Qb8 15. Bb3 Na5 16. Nbd2 Qa7 17. Nxe4 Qxe3 18. fxe3 Nxb3 19. axb3 dxe4 20. Nd4 Rfb8 21. Rdc1 Bxb3 22.
Rxc7 Be6 23. Rd1 Rxb2 24. Nxe6 fxe6 25. Rdd7 Rb1+ 26. Kf2 Rb2+ 27. Kg3 Kh8 28. Rxg7 Rg8 29. Rxg8+ Kxg8 30. Re7 Rb6 31. Kf4 a5 32. Ra7 Rb2 33. g4 Rxh2 34. Rxa5 h5 35. Ra8+ Kf7 36. Ra7+ Kg6 37. gxh5+ Rxh5 38. Re7 Rh4+ 39. Kg3 Rh5 40. Rxe6+ Kf5 41. Re8 Rg5+ 42. Kf2 Rg6 43. Re7 1/2-1/2

[Event "25th European Club Cup Women 2021"]
[Site "Struga"]
[Date "2021.09.24"]
[Round "7.14"]
[White "Gunina, Valentina"]
[Black "Abdumalik, Zhansaya"]
[Result "1-0"]
[ECO "D90"]
[WhiteElo "2446"]
[BlackElo "2502"]
[Annotator "ChessBase"]
[PlyCount "99"]
[EventDate "2021.09.18"]
[EventType "team-tourn"]
[EventCountry "MKD"]
[SourceTitle "playchess.com"]
[Source "ChessBase"]
[SourceQuality "1"]
[TimeControl "40/5400+30:1800+30"]

1. d4 Nf6 2. c4 g6 3. Nc3 d5 4. Nf3 Bg7 5. Qa4+ Bd7 6. Qb3 dxc4 7. Qxc4 O-O 8.
e4 b5 9. Qb3 c5 10. dxc5 Na6 11. e5 Ng4 12. h3 Nxe5 13. Nxe5 Bxe5 14. Bh6 Re8 15. Qd5 Qc7 16. Rc1 Rad8 17. Qb3 Nxc5 18. Qa3 Bd4 19. Nxb5 Bxb5 20. Bxb5 Qb7 21. Rxc5 Qxg2 22. Rf1 Qe4+ 23. Be3 Bxc5 24. Qxc5 Rc8 25. Qd4 Qb1+ 26. Ke2 Qc2+ 27. Qd2 Red8 28. Qxc2 Rxc2+ 29. Kf3 Rxb2 30. a4 Ra8 31. Rc1 a6 32. Bc4 e5 33. Bh6 Rb6 34. Ba2 Rf6+ 35. Kg3 g5 36. Bxg5 Rg6 37. Kh4 h6 38. Be3 Rb8 39. Kh5 Rf6 40.
Bb1 Kh8 41. Be4 Rb4 42. f3 Rxe4 43. fxe4 Rf3 44. Bxh6 Rxh3+ 45. Kg5 Kh7 46. Bf8 Rf3 47. Be7 Kg7 48. Rc6 Rf4 49. Bf6+ Kh7 50. Rc8 1-0

[Event "25th European Club Cup Women 2021"]
[Site "Struga"]
[Date "2021.09.24"]
[Round "7.15"]
[White "Muzychuk, Mariya"]
[Black "Badelka, Olga"]
[Result "1/2-1/2"]
[ECO "C54"]
[WhiteElo "2540"]
[BlackElo "2422"]
[Annotator "ChessBase"]
[PlyCount "78"]
[EventDate "2021.09.18"]
[EventType "team-tourn"]
[EventCountry "MKD"]
[SourceTitle "playchess.com"]
[Source "ChessBase"]
[SourceQuality "1"]
[TimeControl "40/5400+30:1800+30"]

1. e4 e5 2. Nf3 Nc6 3. Bc4 Bc5 4. c3 Nf6 5. d4 exd4 6. e5 d5 7. Bb5 Ne4 8. cxd4 Bb6 9. Nc3 O-O 10. Be3 Bg4 11. h3 Bh5 12. Qc2 f5 13.
Nxd5 Ba5+ 14. Ke2 Nd2 15. Qc5 Ne4 16. Qc4 Bf7 17. Nf6+ Kh8 18.
Qa4 gxf6 19. Bxc6 bxc6 20. Qxa5 Rb8 21. b3 Rb5 22. Qa6 fxe5 23.
Rhc1 f4 24. Qxc6 Rd5 25. Bd2 Nxd2 26. Nxd2 Rxd4 27. Nf3 Bd5 28. Qc3 Bxf3+ 29. gxf3 Qd5 30. Rd1 Qb5+ 31. Ke1 Rfd8 32. Rxd4 exd4 33. Qc4 Re8+ 34. Kd2 Qe5 35. Rg1 c5 36. Qd3 Qe6 37. Qc4 Qe5 38. Qd3 Qe6 39. Qc4 Qe5 1/2-1/2

[Event "25th European Club Cup Women 2021"]
[Site "Struga"]
[Date "2021.09.24"]
[Round "7.16"]
[White "Maltsevskaya, Aleksandra"]
[Black "Buksa, Nataliya"]
[Result "1/2-1/2"]
[ECO "E09"]
[WhiteElo "2407"]
[BlackElo "2417"]
[Annotator "NA"]
[PlyCount "87"]
[EventDate "2021.09.18"]
[EventType "team-tourn"]
[EventCountry "MKD"]
[SourceTitle "playchess.com"]
[Source "ChessBase"]
[SourceQuality "1"]
[TimeControl "40/5400+30:1800+30"]

1. Nf3 d5 2. g3 Nf6 3. Bg2 e6 4. O-O Be7 5. d4 O-O 6. c4 Nbd7 7. Qc2 c6 8. Nbd2 b6 9. b3 Bb7 10. Bb2 c5 11. cxd5 Nxd5 12. Rac1 Re8 13. Rfd1 cxd4 14. Nxd4 Nb4 15. Qb1 Bxg2 16. Kxg2 Qb8 17. a3 Qb7+ 18. e4 Na6 19. Nb5 Nf6 20.
b4 Red8 21. f3 Rac8 22. Nb3 Ne8 23. Rxc8 Rxc8 24. N3d4 Nb8 25. Qd3 a6 26. Nc3 Nd6 27. Ba1 Nc4 28. Nce2 h6 29. Rc1 b5 30. a4 Nd7 31. axb5 axb5 32. Nc3 Bxb4 33. Ncxb5 Nce5 34. Rxc8+ Qxc8 35. Qb3 Qc1 36. Qxb4 Qxa1 37. Qc3 Qb1 38. Qc2 Qe1 39. Qc3 Qb1 40. Qc2 Qb4 41. Qc3 Qa4 42. Qc2 Qa6 43. Qc7 Qa2+ 44. Qc2 1/2-1/2